 Dungeon Crawl Stone Soup version 0.29.0-4-gdea44cf6ec (webtiles) character file.

Game seed: 14706372456740960848

165 mainiacjoe the Vexing (level 5, -7/21 HPs)
             Began as a Felid Enchanter on Aug 27, 2022.
             Killed by divine providence
             ... invoked by an orc priest
              (14 damage)
             ... on level 4 of the Dungeon.
             The game lasted 00:13:26 (5145 turns).

mainiacjoe the Vexing (Felid Enchanter)             Turns: 5145, Time: 00:13:27

Health: -7/21      AC:  1    Str:  4    XL:     5   Next: 21%
Magic:  10/10      EV: 17    Int: 17    God:
Gold:   205        SH:  0    Dex: 18    Spells: 2/10 levels left
                                        Lives:  0   Deaths: 1

rFire   . . .      SeeInvis +     - Unarmed
rCold   . . .      Faith    .   (shield unavailable)
rNeg    . . .      Spirit   .   (body armour unavailable)
rPois   .          Reflect  .   (helmet unavailable)
rElec   .          Harm     .   (cloak unavailable)
rCorr   .          Rampage  .   (gloves unavailable)
Will    .....                   (boots unavailable)
Stlth   +++.......              (no amulet)
HPRegen 0.07/turn               (no ring)
MPRegen 0.12/turn               (no ring)

@: quick
A: very small, claws 1, fangs 3, see invisible, speed 1, shaggy fur 1, stealthy
paws, no weapons or thrown items, no armour, multi-lived
a: no special abilities


You were on level 4 of the Dungeon.
You visited 1 branch of the dungeon, and saw 4 of its levels.
You also visited: Sewer.

You collected 205 gold pieces.

Inventory:

Wands
 h - a wand of polymorph (5)
Scrolls
 d - a scroll of magic mapping
 e - a scroll of fog {unknown}
 j - a scroll of teleportation
 l - a scroll of noise {unknown}
Potions
 a - 2 potions of invisibility
 b - 3 potions of flight
 c - 8 potions of heal wounds
 f - a potion of cancellation
 g - 4 potions of curing
 i - a potion of magic {unknown}
 k - a potion of might
 m - a potion of berserk rage {unknown}
 n - a potion of haste {unknown}


   Skills:
 - Level 2.6 Dodging
 + Level 5.8 Stealth
 + Level 3.0 Unarmed Combat
 - Level 3.0 Spellcasting
 - Level 6.0 Hexes


You had 2 spell levels left.
You knew the following spells:

 Your Spells              Type           Power      Damage    Failure   Level
a - Ensorcelled Hibernat  Hex/Ice        24%        N/A       8%          2
b - Confusing Touch       Hex            22%        N/A       4%          3
c - Tukima's Dance        Hex            22%        N/A       4%          3

Your spell library contained the following spells:

 Spells                   Type           Power      Damage    Failure   Level
 Dazzling Flash           Conj/Hex       24%        N/A       16%         3
 Conjure Flame            Conj/Fire      2%         6-21      45%         3
 Ignite Poison            Fire/Tmut/Pois 2%         N/A       45%         3
 Sticky Flame             Conj/Fire      2%         2d3       86%         4


Dungeon Overview and Level Annotations

Branches:
Dungeon (4/15)              Sewer (visited)
 Temple: D:4-7

Altars:
Gozag


Innate Abilities, Weirdness & Mutations

You have sharp claws.
You have razor-sharp teeth.
You have supernaturally acute eyesight. (SInv)
You cover ground quickly. (Speed+)
You are covered in fur. (AC +1)
Your paws help you pounce on unaware monsters.
You are incapable of wielding weapons or throwing items.
You cannot wear armour.
You gain extra lives every three experience levels.


Message History

You mangle the adder!!
You kill the adder!
Your Unarmed Combat skill increases to level 3!
Casting: Ensorcelled Hibernation (safe; 8% risk of failure)
Confirm with . or Enter, or press ? or * to list all spells.
Aiming: Ensorcelled Hibernation (safe; 8% risk of failure)
Press: ? - help, Shift-Dir - straight line, f - hobgoblin
Aim: a hobgoblin (chance to affect: 63%)
The hobgoblin looks drowsy...
The helpless hobgoblin fails to defend itself.
You mangle the hobgoblin!!
You kill the hobgoblin!
Magic restored.
You now have 189 gold pieces (gained 15).
Found a scale mail.
You now have 205 gold pieces (gained 16).
You open the door.
Found a stone staircase leading up.
There is an open door here.
An orc priest comes into view.
It is wielding a +0 flail. 3 orcs come into view.
Found 7 gold pieces.
An orc comes into view. It is wielding a +0 short sword.
An orc comes into view. It is wielding a +0 mace.
The orc priest shouts!
The orc shouts!
A quokka comes into view.
An orc comes into view. It is wielding a +0 dagger.
An orc wizard comes into view. It is wielding a +0 dagger.
The orc priest mumbles some strange prayers to Beogh against you.
Pain shoots through your body!
Ouch! That really hurt!
The orc wizard shouts!
The orc shouts! x3
The orc priest looks satisfied for a moment.
There is a stone staircase leading up here.
The orc shouts!
The orc priest mumbles some strange prayers to Beogh against you.
Beogh smites you!
Ouch! That really hurt!
You die...

#.. ........######. #..
..............#+######..
..............+.....##..
...o..........#.....####
....o.........#.........
...oo.o.......#.....##..
.o....o.......#.....##..
...r.o.@......#.........
..............#.........
..............#.........
..............'.^.......
...$..........#......#..
........################
........# ........#
......


You could see an orc priest, an orc wizard, 6 orcs and a quokka.

Vanquished Creatures
  A scorpion (D:3)
  3 river rats (Sewer)
  4 adders
  3 gnolls
  2 worms (D:2)
  2 dart slugs
  An orc (D:3)
  4 endoplasms
  8 giant cockroaches
  4 goblins
  9 hobgoblins
  A jackal (Sewer)
  3 quokkas
  6 ball pythons
  A bat (D:3)
  A frilled lizard (D:2)
  8 kobolds
  3 rats (Sewer)
64 creatures vanquished.

Notes
Turn   | Place    | Note
-------+----------+-------------------------------------------
     0 | D:1      | mainiacjoe the Felid Enchanter began the quest for the Orb.
     0 | D:1      | Reached XP level 1. HP: 7/7 MP: 4/4
   536 | D:1      | Reached XP level 2. HP: 11/11 MP: 6/6
   539 | D:1      | Learned a level 2 spell: Ensorcelled Hibernation
  2225 | D:2      | Reached XP level 3. HP: 14/14 MP: 7/7
  2465 | D:2      | Learned a level 3 spell: Confusing Touch
  2498 | D:2      | Reached skill level 5 in Hexes
  3636 | D:3      | Noticed a scorpion
  3805 | D:3      | Found an opulent altar of Gozag.
  3838 | D:3      | Found a glowing drain.
  3854 | D:3      | Reached XP level 4. HP: 12/18 MP: 5/8
  3939 | Sewer    | Entered a sewer
  3942 | Sewer    | Reached skill level 5 in Stealth
  4141 | Sewer    | Noticed a kobold brigand
  4193 | Sewer    | Slain by a kobold brigand
  4194 | Sewer    | Reached XP level 3. HP: -1/14 MP: 2/8
  4226 | Sewer    | Found a white marble altar of Elyvilon.
  4342 | D:3      | Killed a scorpion
  4343 | D:3      | Reached XP level 4. HP: 18/18 MP: 9/9
  4760 | D:3      | Learned a level 3 spell: Tukima's Dance
  4771 | D:3      | Found a faded altar of an unknown god.
  4808 | D:3      | Reached XP level 5. HP: 21/21 MP: 7/10
  4891 | D:3      | Reached skill level 6 in Hexes
  5145 | D:4      | Killed from afar by an orc priest

Illustrated notes

Levels and vault maps discovered:
D:1:      dpeg_arrival_radiant, layout_basic, minmay_bisected
D:2:      minmay_chambers_of_ones, layout_basic, minmay_tetromino_o2
D:3:      layout_rooms, grunt_gozag_breadcrumbs, portal_sewer_entry_f,
          chequers_ecumenical_altar_simple_redux, minmay_misc_feat_nine_boxes,
          nrook_mini_vaults, minmay_misc_feat_pillars
D:4:      layout_gridville, grunt_temple_overflow_order_and_chaos_1,
          mainiacjoe_overflow_two_lobes, nicolae_hepliaklqana_hippocampus,
          supply_closet_lemuel

Skill      XL: |  1  2  3  4  5 |
---------------+----------------+-----
Hexes          | 5 6 |  6.0
Unarmed Combat | 2 3 |  3.0
Stealth        | 5 |  5.8
Spellcasting   | 3 |  3.0
Dodging        | |  2.6

Action                   |  1- 3 |  4- 6 || total
-------------------------+-------+-------++-------
Melee: Unarmed           |    86 |    47 ||   133
       Bite              |     4 |     1 ||     5
       Punch             |     1 |       ||     1
 Cast: Ensorcelled Hiber |    33 |    29 ||    62
       Confusing Touch   |     1 |       ||     1
  Use: Scroll            |       |     6 ||     6
 Stab: Sleeping          |    30 |    23 ||    53
Armor: Skin              |       |     3 ||     3
Dodge: Dodged            |    58 |    25 ||    83
